AoeStats
← Zero aspettative

Arena

510175702Analyzed
3v3 RM · 2d ago on Sep 29, 2026· 39m 53s· 6 players
Game mode
Random Map
Map size
Normal (6 player)
Population
200
Speed
Normal
Resources
Standard
Victory
Conquest
Starting age
Dark Age
Ending age
Imperial Age
RankedLock teamsTeams togetherTeam positionsShared explorationLock speedFull tech treeHidden civsTurbo modeCheats
Victory
Defeat
🇮🇹 Burgundians · Italy
1238
+16
🇮🇹 Britons · Italy
1216
+17
🇮🇹 Italians · Italy
1215
+17
🇨🇴 Poles · Colombia
1272
-17
🇺🇸 Hindustanis · United States
1248
-17
🇨🇴 Ethiopians · Colombia
1215
-16
Im a Smurf
10:33 Feudal Age
14:22 Castle Age
15:02 Double-Bit Axe
14:59 Horse Collar
16:09 Bow Saw
16:07 Scale Mail Armor
16:47 Arson
26:12 Imperial Age
24:38 Gold Mining
24:57 Heavy Plow
24:55 Fletching
25:31 Padded Archer Armor
27:14 Bodkin Arrow
27:34 Leather Archer Armor
28:45 Wheelbarrow
29:09 Gold Shaft Mining
29:37 Leather Archer Armor
30:27 Bracer
30:44 Loom
30:53 Elite Skirmisher
36:18 Chemistry
CTM | Kiara
11:17 Feudal Age
11:11 Loom
15:20 Castle Age
13:50 Double-Bit Axe
14:11 Horse Collar
16:10 Bow Saw
16:03 Heavy Plow
33:35 Scale Mail Armor
33:46 Forging
[IMGG]Poncho
5:12 Loom
5:42 Loom
8:32 Feudal Age
9:04 Double-Bit Axe
11:18 Fletching
16:11 Horse Collar
19:35 Stone Mining
22:48 Gold Mining
26:03 Castle Age
30:13 Imperial Age
27:55 Bow Saw
28:28 Bodkin Arrow
28:39 Guard Tower
29:48 Ballistics
30:34 Scale Mail Armor
30:50 Murder Holes
32:02 Chemistry
31:00 Murder Holes
32:03 Chain Mail Armor
34:15 Plate Mail Armor
35:14 Forging
36:55 Iron Casting
Zero aspettative
6:53 Double-Bit Axe
8:00 Horse Collar
11:31 Feudal Age
15:42 Castle Age
15:40 Gold Mining
17:29 Scale Barding Armor
17:37 Forging
19:02 Chain Barding Armor
38:18 Iron Casting
Knightgenny_ITA
8:06 Loom
10:25 Feudal Age
12:19 Horse Collar
13:29 Fletching
22:09 Castle Age
20:22 Double-Bit Axe
22:57 Bodkin Arrow
30:33 Imperial Age
28:13 Gold Mining
29:32 Bow Saw
29:47 Padded Archer Armor
31:49 Bracer
33:35 Pikeman
34:56 Leather Archer Armor
35:13 Scale Mail Armor
35:24 Forging
39:29 Iron Casting
Final_Tidus
9:12 Loom
11:39 Feudal Age
15:40 Castle Age
14:06 Double-Bit Axe
17:22 Fletching
19:55 Gold Mining
23:02 Bow Saw
28:31 Imperial Age
26:33 Bodkin Arrow
30:21 Chemistry
35:01 Padded Archer Armor
35:40 Wheelbarrow
37:05 Bracer
38:08 Leather Archer Armor
39:49 Ring Archer Armor
Connection lost

Rejoining the realm…

Still unreachable

The connection could not be restored.

Session expired

The server has moved on; the page needs a fresh start.